 Dungeon Crawl Stone Soup version 0.30.1-11-g7821555f0a (webtiles) character file.

Game seed: 17795483622290635887

18 booth the Trooper (level 2, 0/26 HPs)
             Began as a Draconian Monk on Nov 1, 2023.
             Slain by a gnoll
             ... wielding a +0 halberd
              (8 damage)
             ... on level 2 of the Dungeon.
             The game lasted 00:06:36 (1222 turns).

booth the Trooper (Draconian Monk)                  Turns: 1222, Time: 00:06:37

Health: 0/26       AC:  4    Str: 13    XL:     2   Next: 51%
Magic:  2/2        EV: 12    Int: 10    God:
Gold:   98         SH:  0    Dex: 13    Spells: 1/1 levels left

rFire   . . .        a - +0 hand axe
rCold   . . .        c - orb {light}
rNeg    . . .        (body armour unavailable)
rPois   .            (helmet restricted)
rElec   .            (no cloak)
rCorr   .            (no gloves)
SInv    .            (no boots)
Will    .....        (no amulet)
Stlth   +            (no ring)
HPRegen 0.24/turn    (no ring)
MPRegen 0.08/turn

%: no passive effects
@: glowing
A: AC +4, unfitting armour, cold-blooded
a: no special abilities


You were on level 2 of the Dungeon.
You visited 1 branch of the dungeon, and saw 2 of its levels.

You collected 98 gold pieces.

Inventory:

Hand Weapons
 a - a +0 hand axe (weapon)
Armour
 c - an orb of light (worn)
Wands
 d - a wand of charming (4)
Scrolls
 f - a scroll of teleportation
 g - a scroll of summoning
 h - a scroll of enchant weapon {unknown}
 i - a scroll of immolation
Potions
 b - a potion of ambrosia
 e - a potion of might


   Skills:
 + Level 3.6 Fighting
 * Level 3.3 Axes
 + Level 3.0 Dodging


You had one spell level left.
You didn't know any spells.
Your spell library contained the following spells:

 Spells                   Type           Power      Damage    Failure   Level
 Shock                    Conj/Air       0%         1d3       36%         1
 Swiftness                Air            0%         N/A       75%         3
 Airstrike                Air            0%         2d(0-16)  98%         4


Dungeon Overview and Level Annotations

Branches:
Dungeon (2/15)

Altars:


Innate Abilities, Weirdness & Mutations

Your plain brown scales are hard. (AC +4)
You cannot fit into any form of body armour.
You are cold-blooded and may be slowed by cold attacks.


Message History

Found a stone staircase leading down.
There is a stone staircase leading down here.
There is a stone staircase leading down here.
Found a book of Air.
You pick up a book of Air and begin reading...
You add the spells Shock, Swiftness and Airstrike to your library.
You are illuminated by a small divine halo.
You are glowing.
Your movement speed is average.
Your attack delay is about 1.1.
Your damage rating with your +0 hand axe is about 8 (Base 7 x 107% (Str) x 112% (Skill)).
Unknown command.
Found a faded altar of an unknown god.
There is a faded altar of an unknown god here.
This altar belongs to (a) Cheibriados, (b) Wu Jian or (c) Ru, but you can't tell which.
Press the corresponding letter to learn more about a god, or press enter to convert or escape to cancel.
Okay, then.
Found 17 gold pieces.
You now have 98 gold pieces (gained 17).
Found a stone staircase leading up.
There is a stone staircase leading up here. 2 gnolls come into view.
The gnoll shouts!
You hear a shout! x4
A gnoll comes into view. It is wielding a +0 spear.
A kobold comes into view. It is wielding a +0 club.
The gnoll moves out of view.
Sorry, you're not good enough to have a special ability.
You hit the kobold.
The kobold is moderately wounded.
The kobold misses you. The gnoll hits you but does no damage.
You hit the kobold.
The kobold is severely wounded.
The kobold hits you with a +0 club. The gnoll barely misses you.
You hit the kobold but do no damage.
Your tail-slap misses the kobold.
The kobold is severely wounded.
The kobold hits you with a +0 club.
The gnoll hits you from afar with a +0 halberd!
Ouch! That really hurt!
You slash the kobold!
You kill the kobold!
The gnoll hits you from afar with a +0 halberd!
You die...

#.##.###.#.#.##...
#.#<.....#.#.#..#.
#.##.#####.#.#.##.
#.##.#.....#......
#.##.#.#######.###
#g##...#..........
#g##.###......#.#.
#)###########.#.#.
#@..............#.
#############.###.
#.................
#.###########.####
#.##........#.....
#.........#.######
####.####.#.# #...
#......#.#.###.##
#.#.##.#.#.....#


You could see 2 gnolls.

Vanquished Creatures
  An endoplasm (D:1)
  A giant cockroach (D:1)
  4 goblins
  2 hobgoblins (D:1)
  4 ball pythons (D:1)
  2 kobolds
  4 rats (D:1)
18 creatures vanquished.

Notes
Turn   | Place    | Note
-------+----------+-------------------------------------------
     0 | D:1      | booth the Draconian Monk began the quest for the Orb.
     0 | D:1      | Reached XP level 1. HP: 19/19 MP: 1/1
   351 | D:1      | Reached XP level 2. HP: 16/26 MP: 2/2
  1079 | D:2      | Found a faded altar of an unknown god.
  1222 | D:2      | Slain by a gnoll

Illustrated notes

Levels and vault maps discovered:
D:1:      dpeg_arrival_boxorama, layout_basic
D:2:      layout_basic, basic_ecumenical_altar, roderic_serpentine_path,
          uniq_robin, uniq_jessica

Skill      XL: |  1  2 |
---------------+-------+-----
Dodging        | 3 |  3.0
Fighting       | |  3.6
Axes           | |  3.3

Action                     || total
---------------------------++-------
  Melee: Hand axe          ||    37
         Tailslap          ||     7
    Use: Scroll            ||     4
 Armour: Skin              ||     8
  Dodge: Dodged            ||    21
